 Dungeon Crawl Stone Soup version 0.31.0-2-g5a2aebc5c2 (webtiles) character file.

Game seed: 17957927174318156898

97 Gobbopathe the Ruffian (level 4, -2/30 HPs)
             Began as an Octopode Shapeshifter on Jan 20, 2024.
             Was an Initiate of Wu Jian.
             Shot with an arrow by a centaur (15 damage)
             ... on level 4 of the Dungeon.
             The game lasted 00:06:36 (2208 turns).

Gobbopathe the Ruffian (Octopode Shapeshifter)      Turns: 2208, Time: 00:06:36

Health: -2/30      AC:  1    Str: 15    XL:     4   Next: 68%
Magic:  4/4        EV: 13    Int: 12    God:    Wu Jian [......]
Gold:   89         SH:  0    Dex: 11    Spells: 3/3 levels left

rFire   . .          .
                       - Unarmed
rCold   . . .        (no shield)
rNeg    . . .        (helmet currently unavailable)
rPois   .            (no amulet)
rElec   .            d - ring of resist corrosion
rCorr   +            (no ring)
SInv    .            (no ring)
Will    .....        (no ring)
Stlth   +++          (no ring)
HPRegen 0.25/turn    (no ring)
MPRegen 0.09/turn    (no ring)
                     (no ring)

%: no passive effects
@: beast-form
A: beast (slay +1), almost no armour, amphibious, 8 rings, camouflage 1,
gelatinous body 1, (nimble swimmer 1), tentacles
a: Begin Untransformation, Renounce Religion


You were on level 4 of the Dungeon.
You worshipped Wu Jian.
Wu Jian was noncommittal.
You were a hulking beast.
You visited 2 branches of the dungeon, and saw 6 of its levels.

You collected 89 gold pieces.

Inventory:

Hand Weapons
 b - a +0 sling
Missiles
 f - 38 stones (quivered)
 g - 6 poisoned darts
 m - 3 atropa-tipped darts
Armour
 p - a +0 buckler
Jewellery
 d - a ring of resist corrosion (left tentacle)
Talismans
 c - a flux talisman
 h - a beast talisman
 u - a blade talisman
Scrolls
 i - a scroll of immolation {unknown}
 k - a scroll of revelation {unknown}
 l - a scroll of fog {unknown}
 r - a scroll of butterflies {unknown}
 s - 5 scrolls of identify {unknown}
 t - a scroll of torment {unknown}
Potions
 a - a potion of lignification
 e - a potion of heal wounds {unknown}
 j - a potion of brilliance {unknown}
 n - a potion of mutation {unknown}
 o - a potion of curing {unknown}
 q - 2 potions of enlightenment {unknown}


   Skills:
 * Level 2.6 Fighting
 + Level 2.5 Dodging
 + Level 2.2 Stealth
 + Level 3.4 Unarmed Combat
 + Level 3.3 Shapeshifting


You had 3 spell levels left.
You didn't know any spells.
Your spell library contained the following spells:

 Spells                   Type           Power      Damage    Failure   Level
 Scorch                   Fire           0%         2d5       45%         2
 Dazzling Flash           Conj/Hex       0%         N/A       69%         3
 Volatile Blastmotes      Fire/Tloc      0%         2d10      69%         3
 Flame Wave               Conj/Fire      0%         2d4       97%         4
 Starburst                Conj/Fire      0%         6d3       100%        6
 Summon Cactus Giant      Summ           0%         N/A       100%        6
 Maxwell's Capacitive Co  Air            0%         ∞         100%        8


Dungeon Overview and Level Annotations

Branches:
Dungeon (5/15) Zot: 25864  Temple (1/1) D:4 Zot: 5981

Altars:
Ashenzari
Cheibriados
Dithmenos
Elyvilon
Fedhas
Gozag
Kikubaaqudgha
Makhleb
Nemelex Xobeh
Okawaru
Qazlal
Ru
Trog
Uskayaw
Vehumet
Wu Jian
Xom
Yredelemnul
The Shining One

Annotations:
D:4 2 runed translucent doors


Innate Abilities, Weirdness & Mutations

You are a hulking beast.
Your limbs bulge with bestial killing power. (Slay +1)
You cannot wear most types of armour.
You are amphibious.
You can wear up to eight rings at the same time.
Your skin changes colour to match your surroundings (Stealth+).
Your rubbery body absorbs attacks. (AC +1, EV +1)
((You are camouflaged when in or above water. (Stealth+)))
You have tentacles for arms and can constrict up to eight enemies at once.


Message History

Found a white marble altar of Elyvilon.
Found a broken altar of Ashenzari.
There is an ornate altar of the Wu Jian Council here.
You curl up in front of the altar of Wu Jian.
The Council welcomes you!
You can now perform damaging attacks by moving towards foes.
Found a hide-covered altar of Uskayaw.
There is a staircase back to the Dungeon here.
You climb upwards.
Welcome back to the Dungeon!
Level annotation: 2 runed translucent doors
There is a staircase to the Ecumenical Temple here.
The orc enters a dispersal trap!
You blink.
The orc blinks!
You closely miss the orc. Your grab misses the orc. The orc barely misses you.
You tentacle-slap the orc. Your grab misses the orc.
The orc is moderately wounded.
The orc hits you with a +0 falchion.
You bludgeon the orc!
You kill the orc!
The Council accepts your kill.
The orc shouts!
You see here a scroll labelled JEBBETOEFO.
The orc shouts!
You tentacle-slap the orc. You grab the orc.
The orc is moderately wounded.
You constrict the orc.
You hear a shout!
The orc hits you but does no damage.
You tentacle-slap the orc but do no damage.
The orc is heavily wounded.
You constrict the orc.
The orc enters a dispersal trap!
The orc blinks free!
You blink.
The centaur wields a +0 orcbow.
The centaur shoots an arrow.
The arrow barely misses you.
The arrow hits the orc!
The orc dies!
The centaur shoots an arrow.
The arrow barely misses you.
The centaur shoots an arrow.
The arrow hits you!
Ouch! That really hurt!
The centaur shoots an arrow.
The arrow hits you!
Ouch! That really hurt!
You die...

#.....#..§..#........#[...
#...###..>..###......#....
#....#.....#..c.....#....
#.................#....
##..^###...##....#)<>.<
##...#.....######.....
#..o#.)?..# #.####
#........## #.#
#...h.....# #.#
#....)....# #.#
#.......### #.# ##.....##
..# #######


You could see a centaur and an orc.

Vanquished Creatures
  A bombardier beetle (D:4)
  An adder (D:3)
  A ribbon worm (D:2)
  4 dart slugs
  6 orcs
  3 giant cockroaches
  4 goblins
  3 hobgoblins (D:2)
  3 kobolds
  A quokka (D:2)
  3 ball pythons (D:3)
  2 bats (D:3)
  5 frilled lizards
  A rat (D:2)
38 creatures vanquished.

Vanquished Creatures (others)
  An orc (D:4)
1 creature vanquished.

Grand Total: 39 creatures vanquished

Notes
Turn   | Place    | Note
-------+----------+-------------------------------------------
     0 | D:1      | Gobbopathe the Octopode Shapeshifter began the quest for
                  | the Orb.
     0 | D:1      | Reached XP level 1. HP: 13/13 MP: 1/1
   552 | D:2      | Reached XP level 2. HP: 14/18 MP: 2/2
   668 | D:2      | Reached skill level 1 in Stealth
   744 | D:2      | Found a faded altar of an unknown god.
  1036 | D:3      | Reached XP level 3. HP: 24/24 MP: 3/3
  1054 | D:5      | Entered Level 5 of the Dungeon
  1054 | D:5      | Noticed a centaur
  1509 | D:3      | Found an opulent altar of Gozag.
  1929 | D:4      | Found a runed translucent gate.
  1929 | D:4      | Found a runed translucent gate.
  1935 | D:3      | Reached XP level 4. HP: 11/29 MP: 4/4
  2154 | D:4      | Found a staircase to the Ecumenical Temple.
  2160 | D:4      | Noticed a centaur
  2164 | Temple   | Entered the Ecumenical Temple
  2173 | Temple   | Became a worshipper of the Wu Jian Council
  2208 | D:4      | Shot with an arrow by a centaur

Illustrated notes

Levels and vault maps discovered:
D:1:      doesnt_arrival_eight_statues, layout_loops_cross
D:2:      minmay_recursive_quarters, layout_loops_cross, basic_altar,
          hellmonk_ecumenical_altar_run_dry, minmay_domino_4, uniq_natasha
D:3:      layout_loops_ring, mainiacjoe_overflow_alcove_2,
          nicolae_underground_beach
D:4:      layout_gridville, minmay_temple_entry_tees, gammafunk_ghost_split,
          nicolae_custom_books, chequers_serial_rivers_small_b,
          minmay_small_thing
D:5:      layout_rooms, uniq_prince_ribbit1, uniq_edmund
Temple:   compressed_dpeg_circular_temple

Skill      XL: |  1  2  3  4 |
---------------+-------------+-----
Stealth        | 1 2 |  2.2
Fighting       | 2 |  2.6
Dodging        | |  2.5
Unarmed Combat | |  3.4
Shapeshifting  | |  3.3

Action                     |  1- 3 |  4- 6 || total
---------------------------+-------+-------++-------
  Melee: Unarmed           |    63 |    14 ||    77
         Constrict         |    20 |     4 ||    24
         Tentacles         |     8 |     4 ||    12
         Punch             |       |     1 ||     1
  Throw: Stone             |     4 |       ||     4
   Stab: Sleeping          |     7 |       ||     7
         Distracted        |     1 |       ||     1
 Armour: Skin              |    23 |     6 ||    29
  Dodge: Dodged            |    27 |     4 ||    31
